Map: Golden Wall LE

Players

Astrea - Winner!

  • Race: Protoss Protoss
  • League: Master
  • Spawn Location: 7:00

Nina

  • Race: Protoss Protoss
  • League: Grandmaster
  • Spawn Location: 5:00

Event: DreamHack SC2 Masters 2020 Fall

VOD

Have the link to the VOD?

Description

Time

  • Played on: Sept. 2, 2020, 6:43 p.m.
  • Length: 13:56

All games in this series

Show
View Real Time Build Order
Export as new Build Order

Astrea Protoss - Winner!

Build Orders: Oracle Opening, Carriers 

Get SALT Encoding   

  12  0:00  Probe  
  13  0:12  Probe  
  14  0:17  Pylon  
  14  0:24  Probe (Chrono Boost)  
  15  0:36  Probe (Chrono Boost)  
  15  0:38  Gateway  
  16  0:45  Probe (Chrono Boost)  
  16  0:47  Assimilator  
  17  0:51  Probe  
  18  0:57  Assimilator  
  18  1:03  Probe (Chrono Boost)  
  19  1:12  Probe (Chrono Boost)  
  19  1:17  Gateway, Probe (Chrono Boost)  
  21  1:25  Cybernetics Core  
  21  1:29  Probe  
  22  1:41  Probe  
  23  1:56  Pylon  
  23  2:05  Warp Gate  
  23  2:06  Stargate  
  23  2:09  Pylon  
  23  2:14  Probe  
  24  2:22  Stalker  
  24  2:23  Stalker  
  24  2:26  Probe  
  29  2:38  Probe  
  30  2:47  Oracle (Chrono Boost)  
  32  3:12  Nexus  
  32  3:15  Shield Battery  
  32  3:16  Void Ray  
  32  3:25  Probe  
  37  3:31  Pylon  
  37  3:37  Probe  
  38  3:49  Probe  
  38  3:53  Void Ray  
  39  4:01  Probe (Chrono Boost)  
  44  4:13  Probe (Chrono Boost)  
  45  4:21  Probe (Chrono Boost), Pylon  
  46  4:24  Stalker  
  46  4:25  Stalker  
  46  4:26  Probe (Chrono Boost)  
  46  4:28  Probe (Chrono Boost)  
  51  4:36  Void Ray  
  51  4:38  Probe (Chrono Boost)  
  53  4:40  Probe (Chrono Boost)  
  53  4:45  Probe x2 (Chrono Boost)  
  58  4:52  Probe  
  59  4:54  Probe, Pylon  
  61  5:04  Probe  
  61  5:06  Sentry, Probe  
  65  5:16  Probe  
  65  5:18  Void Ray (Chrono Boost), Probe  
  64  5:27  Assimilator  
  68  5:29  Assimilator, Probe  
  68  5:30  Probe  
  70  5:41  Probe  
  71  5:42  Probe  
  71  5:46  Pylon  
  72  5:53  Probe  
  72  5:55  Void Ray, Probe  
  74  6:01  Shield Battery  
  78  6:05  Shield Battery, Probe  
  78  6:06  Robotics Facility  
  78  6:07  Probe  
  78  6:09  Stalker  
  82  6:13  Pylon  
  82  6:16  Pylon  
  82  6:17  Probe  
  83  6:21  Nexus  
  83  6:33  Probe x2  
  83  6:35  Shield Battery  
  83  6:37  Void Ray  
  85  6:45  Probe x2  
  91  6:49  Pylon  
  92  7:01  Probe  
  92  7:04  Void Ray  
  92  7:08  Probe  
  93  7:13  Immortal (Chrono Boost), Probe  
  86  7:21  Probe  
  87  7:27  Sentry, Stalker  
  87  7:28  Probe  
  88  7:30  Gateway  
  88  7:31  Gateway  
  88  7:33  Forge, Probe  
  89  7:39  Probe  
  89  7:40  Probe  
  89  7:41  Void Ray  
  91  7:45  Probe  
  91  7:46  Observer (Chrono Boost)  
  97  7:54  Assimilator x2  
  97  7:56  Forge  
  97  8:00  Fleet Beacon, Stargate  
  94  8:14  Observer  
  94  8:17  Stalker x2  
  99  8:22  Photon Cannon x2  
  99  8:24  Pylon  
  99  8:33  Photon Cannon  
  99  8:34  Photon Cannon  
  99  8:38  Immortal  
  103  8:46  Carrier (Chrono Boost)  
  103  8:48  Protoss Air Weapons Level 1  
  103  8:50  Pylon  
  103  8:52  Carrier (Chrono Boost)  
  115  9:01  Probe x3  
  118  9:03  Pylon  
  118  9:13  Probe  
  119  9:18  Mothership (Chrono Boost)  
  119  9:22  Nexus  
  127  9:34  Photon Cannon  
  127  9:35  Shield Battery  
  127  9:38  Pylon  
  127  9:42  Carrier (Chrono Boost)  
  127  9:45  Pylon  
  133  9:51  Pylon  
  133  9:53  Observer, Carrier (Chrono Boost)  
  139  10:05  Pylon x2  
  139  10:08  Stargate  
  139  10:12  Probe x2  
  141  10:22  Photon Cannon  
  141  10:24  Zealot, Probe x2  
  141  10:28  Observer  
  141  10:35  Pylon  
  141  10:36  Pylon  
  147  10:44  Carrier (Chrono Boost)  
  147  10:45  Observer  
  147  10:48  Twilight Council  
  147  10:52  Carrier (Chrono Boost), Pylon  
  153  10:59  Protoss Air Weapons Level 2 (Chrono Boost)  
  153  11:02  Pylon  
  153  11:10  Carrier (Chrono Boost)  
  159  11:16  Observer  
  159  11:17  Nexus  
  159  11:22  Pylon  
  159  11:24  Nexus  
  159  11:25  Pylon  
  159  11:44  Photon Cannon  
  159  11:45  Photon Cannon  
  159  11:46  Shield Battery  
  159  11:47  Shield Battery  
  159  11:52  Pylon  
  159  11:53  Pylon  
  159  11:55  Void Ray (Chrono Boost)  
  159  11:58  Phoenix (Chrono Boost)  
  162  12:01  Void Ray (Chrono Boost), Pylon  
  162  12:06  Void Ray (Chrono Boost)  
  168  12:20  Pylon  
  168  12:21  Pylon  
  169  12:22  Observer  
  169  12:23  Pylon  
  175  12:37  Dark Shrine  
  175  12:42  Carrier  
  181  12:47  Void Ray  
  176  13:07  Photon Cannon  
  176  13:09  Photon Cannon  
  176  13:10  Shield Battery  
  176  13:12  Shield Battery, Photon Cannon x2  
  174  13:14  Photon Cannon  
  160  13:22  Shield Battery, Pylon x2  
Show
View Real Time Build Order
Export as new Build Order

Nina Protoss 

Build Orders: Oracle Opening, Phoenix Opening 

Get SALT Encoding   

  12  0:01  Probe  
  13  0:13  Probe  
  14  0:21  Pylon  
  14  0:25  Probe  
  15  0:39  Probe (Chrono Boost)  
  15  0:40  Gateway  
  17  0:50  Probe (Chrono Boost)  
  17  0:51  Assimilator  
  17  0:55  Probe (Chrono Boost)  
  18  0:58  Assimilator  
  18  1:05  Probe (Chrono Boost)  
  19  1:13  Gateway  
  19  1:15  Probe (Chrono Boost)  
  20  1:22  Probe  
  21  1:29  Cybernetics Core  
  21  1:34  Probe  
  22  1:44  Pylon  
  22  1:46  Probe  
  23  2:05  Stargate  
  23  2:09  Stalker  
  23  2:15  Stalker  
  27  2:17  Probe  
  27  2:22  Pylon  
  28  2:24  Warp Gate  
  28  2:29  Probe  
  29  2:41  Probe  
  30  2:50  Oracle (Chrono Boost)  
  33  3:05  Nexus  
  33  3:17  Oracle (Chrono Boost)  
  33  3:21  Probe  
  33  3:26  Pylon  
  37  3:33  Probe  
  38  3:45  Probe  
  38  3:47  Phoenix  
  39  3:56  Shield Battery  
  39  3:58  Probe  
  40  4:10  Probe  
  40  4:11  Twilight Council  
  40  4:12  Stalker  
  43  4:20  Stalker  
  43  4:22  Probe  
  43  4:23  Probe  
  47  4:34  Probe  
  47  4:35  Probe  
  49  4:46  Probe  
  49  4:47  Probe  
  49  4:50  Blink (Chrono Boost)  
  50  4:59  Probe (Chrono Boost)  
  52  5:00  Probe (Chrono Boost)  
  52  5:03  Stalker  
  54  5:11  Probe (Chrono Boost)  
  54  5:13  Pylon  
  56  5:15  Probe (Chrono Boost)  
  56  5:17  Probe (Chrono Boost)  
  57  5:28  Forge  
  54  5:31  Probe x2  
  54  5:33  Stalker x2  
  54  5:34  Gateway  
  60  5:39  Assimilator  
  60  5:43  Probe x2  
  62  5:57  Gateway  
  62  5:59  Gateway x2  
  62  6:01  Assimilator  
  62  6:04  Pylon  
  62  6:05  Protoss Ground Weapons Level 1  
  62  6:10  Pylon  
  62  6:22  Probe x2  
  64  6:26  Nexus  
  64  6:32  Stalker  
  66  6:34  Probe x2  
  66  6:37  Stalker  
  70  6:46  Probe  
  71  6:50  Pylon, Probe  
  71  6:53  Stalker  
  71  6:54  Pylon  
  74  6:59  Stalker x2  
  76  7:15  Stalker x2  
  70  7:16  Probe  
  70  7:22  Sentry  
  69  7:27  Stalker  
  71  7:33  Probe  
  72  7:42  Stalker, Photon Cannon  
  75  7:47  Stalker  
  76  7:52  Probe  
  76  7:55  Stalker  
  76  7:56  Probe  
  80  7:59  Probe  
  80  8:05  Probe  
  82  8:09  Stalker  
  82  8:10  Probe  
  82  8:11  Probe  
  86  8:13  Protoss Ground Weapons Level 2 (Chrono Boost)  
  86  8:17  Probe  
  87  8:22  Probe  
  87  8:24  Probe  
  89  8:30  Probe  
  90  8:34  Assimilator, Probe  
  90  8:36  Robotics Facility, Photon Cannon  
  90  8:37  Probe  
  90  8:38  Assimilator  
  92  8:43  Probe  
  93  8:51  Stalker x4  
  93  8:53  Probe  
  102  9:03  Probe  
  102  9:05  Photon Cannon  
  102  9:07  Nexus  
  103  9:17  Templar Archives  
  103  9:19  Pylon  
  103  9:20  Stalker x3  
  109  9:28  Pylon  
  109  9:29  Pylon  
  109  9:34  Gateway  
  109  9:37  Observer  
  110  9:42  Stalker x2  
  114  9:51  Stalker x3  
  118  9:56  Gateway, Probe  
  118  9:58  Gateway, Probe x2  
  121  10:01  Observer  
  122  10:08  Probe  
  122  10:12  Photon Cannon  
  123  10:16  Probe  
  123  10:17  Protoss Air Weapons Level 1  
  123  10:19  Photon Cannon  
  123  10:21  Assimilator, Probe  
  125  10:24  Assimilator  
  125  10:36  Probe x2  
  127  10:43  Stargate x2  
  127  10:44  Probe x2  
  127  10:45  Stargate  
  127  10:48  Probe  
  130  10:50  Probe  
  130  10:55  Stalker x5  
  141  10:58  Probe x2  
  143  11:15  Cybernetics Core  
  143  11:17  Nexus  
  143  11:26  Fleet Beacon  
  143  11:31  Photon Cannon  
  143  11:32  Stalker x4  
  140  12:02  Stargate  
  140  12:03  Probe  
  140  12:05  Stargate  
  140  12:08  Carrier (Chrono Boost)  
  147  12:19  Pylon x2  
  147  12:20  Pylon  
  147  12:21  Pylon, Photon Cannon  
  147  12:22  Pylon  
  147  12:24  Pylon  
  147  12:26  Carrier x2 (Chrono Boost)  
  159  12:32  Pylon  
  159  12:33  Probe x2  
  161  12:45  Stalker  
  161  12:46  Photon Cannon  
  161  12:47  Pylon  
  163  12:56  Stalker  
  163  12:57  Stalker x6  
  169  13:10  Stalker  
  164  13:26  Stalker x2  

Tags
 
Add a new tag
Caveats
  • Supply blocks, unpowered buildings, or Contaminate may cause inaccurate times.
  • Supply counts are checked every 10 seconds.